 Dungeon Crawl Stone Soup version 0.31-a0-408-gb642c7f9a3 (webtiles) character file.

Game seed: 9837828042577274643

1942 LeprechaunX the Changeling (level 9, -4/78 HPs)
             Began as an Octopode Shapeshifter on July 30, 2023.
             Was a Follower of Hepliaklqana.
             Slain by a gnoll
             ... wielding a +0 halberd
             ... led by a gnoll sergeant
              (9 damage)
             ... on level 7 of the Dungeon.
             The game lasted 00:10:11 (5103 turns).

LeprechaunX the Changeling (Octopode Shapeshifter)  Turns: 5103, Time: 00:10:12

Health: -4/78      AC: 24    Str: 17    XL:     9   Next: 18%
Magic:  9/9        EV:  2    Int: 16    God:    Hepliaklqana [*.....]
Gold:   170        SH:  0    Dex: 14    Spells: 8/8 levels left

rFire   + . .        b - +7 whip "Bitipi" {elec, rF+ SInv}
rCold   . . .        (no shield)
rNeg    . . .        (helmet currently unavailable)
rPois   +            (no amulet)
rElec   .            C - +6 ring of intelligence
rCorr   .            (no ring)
SInv    +            (no ring)
Will    .....        (no ring)
Stlth   +            (no ring)
HPRegen 0.33/turn    (no ring)
MPRegen 0.11/turn    (no ring)
                     (no ring)

%: no passive effects
@: lethally poisoned (-4 -> -11), tree-form
A: stationary, stasis, torment immunity, boosted hp, reduced essence, almost no
armour, (amphibious), 8 rings, (camouflage 1), (gelatinous body 1), (nimble
swimmer 1), (tentacles)
a: Renounce Religion, Recall Ancestor, Ancestor Identity


You were on level 7 of the Dungeon.
You worshipped Hepliaklqana.
Hepliaklqana was aware of your devotion.
You were a tree.
You visited 1 branch of the dungeon, and saw 7 of its levels.

You collected 319 gold pieces.
You spent 149 gold pieces at shops.

Inventory:

Hand Weapons
 a - the +8 sling of the Scavenger {freeze, rPois rF+++ rN++ Int-2}
   (You bought it in a shop on level 4 of the Dungeon)

   Int:       It affects your intelligence (-2).
   rF:        It renders you almost immune to fire.
   rPois:     It protects you from poison.
   rN:        It greatly protects you from negative energy.
 b - the +7 whip "Bitipi" (weapon) {elec, rF+ SInv}
   (You found it on level 2 of the Dungeon)

   rF:        It protects you from fire.
   SInv:      It lets you see invisible.
Missiles
 e - 4 boomerangs (quivered)
Jewellery
 C - a +6 ring of intelligence (left branch)
Talismans
 m - a beast talisman
Wands
 s - a wand of paralysis (7)
 y - a wand of iceblast (9)
Scrolls
 c - a scroll of blinking {unknown}
 d - 8 scrolls of identify {unknown}
 g - 2 scrolls of noise {unknown}
 i - 3 scrolls of enchant weapon {unknown}
 j - 2 scrolls of amnesia {unknown}
 l - 3 scrolls of fog {unknown}
 r - a scroll of teleportation {unknown}
 t - a scroll of immolation {unknown}
 u - a scroll of fear {unknown}
 z - a scroll of vulnerability {unknown}
Potions
 f - a potion of berserk rage {unknown}
 h - a potion of haste {unknown}
 k - a potion of attraction {unknown}
 n - 2 potions of degeneration {unknown}
 o - 3 potions of magic {unknown}
 p - a potion of resistance {unknown}
 q - 2 potions of brilliance {unknown}
 v - 2 potions of lignification
 w - 2 potions of mutation {unknown}
 x - a potion of ambrosia {unknown}
 A - a potion of might {unknown}
 B - 3 potions of curing {unknown}


   Skills:
 - Level 4.0 Fighting
 + Level 1.6 Maces & Flails
 - Level 5.0 Ranged Weapons
 - Level 4.0 Dodging
 - Level 6.0 Unarmed Combat
 + Level 6.6 Shapeshifting


You had 8 spell levels left.
You didn't know any spells.
Your spell library contained the following spells:

 Spells                   Type           Power      Damage    Failure   Level
 Gell's Gravitas          Tloc           0%         N/A       58%         3
 Teleport Other           Tloc           0%         N/A       58%         3
 Dispersal                Tloc           0%         N/A       100%        6


Dungeon Overview and Level Annotations

Branches:
Dungeon (7/15)             Temple (0/1) D:6

Altars:
Ashenzari
Fedhas
Hepliaklqana
Wu Jian
Yredelemnul
The Shining One

Shops:
D:4 (=((

Annotations:
D:6 2 runed translucent doors, bobo's ghost, novice OpSh


Innate Abilities, Weirdness & Mutations

You are a tree.
Your roots penetrate the ground, keeping you stationary.
You cannot be teleported.
You are immune to unholy pain and torment.
Your maximum health is greatly increased.
Your life essence is reduced to manifest your ancestor. (-10% HP)
You cannot wear most types of armour.
((You are amphibious.))
You can wear up to eight rings at the same time.
((Your skin changes colour to match your surroundings (Stealth+).))
((Your rubbery body absorbs attacks. (AC +1, EV +1)))
((You are camouflaged when in or above water. (Stealth+)))
((You have tentacles for arms and can constrict up to eight enemies at once.))


Message History

You are poisoned.
The water moccasin poisons you!
You feel very sick.
The water moccasin attacks as you move away!
The water moccasin misses you.
You feel very sick. The water moccasin bites you!
You feel sick.
Simosihle hits the gnoll.
The water moccasin bites you!
* * * LOW HITPOINT WARNING * * *
You are lethally poisoned!
The water moccasin poisons you! The gnoll misses you.
Really quaff the potion of lignification?
Your transformation has ended.
You turn into a tree.
Your roots penetrate the ground.
* * * LOW HITPOINT WARNING * * *
You feel very sick.
The water moccasin bites you but does no damage.
The gnoll hits you but does no damage.
You hit the water moccasin.
The water moccasin is moderately wounded.
* * * LOW HITPOINT WARNING * * *
You feel very sick.
The water moccasin bites you but does no damage.
The gnoll hits you but does no damage. x2
The gnoll hits you from afar with a +0 spear.
* * * LOW HITPOINT WARNING * * *
The water moccasin bites you but does no damage.
You whack the water moccasin!
The water moccasin is heavily wounded.
* * * LOW HITPOINT WARNING * * *
You feel very sick.
The water moccasin bites you but does no damage.
The gnoll hits you but does no damage. x2
You hit the water moccasin.
The water moccasin is heavily wounded.
* * * LOW HITPOINT WARNING * * *
You feel very sick.
The water moccasin bites you but does no damage.
The gnoll hits you but does no damage. The gnoll hits you with a +0 halberd!
You die...

#..............#
#..............#
#.............##
##...........##
#..........## #####
##........###
###....# #.....gg.##
##......## ..#...gR##
##........#
.###..g♣S#
##.........#
###...###..........##
###...............#
##..............#
#...............#
#...............#
#................
#................
##..............#


You could see the friendly Simosihle the ancestor, a water moccasin (ally
target), a gnoll sergeant and 3 gnolls.

Vanquished Creatures
  Pikel (D:4)
  Duvessa (D:6)
  An orc warrior (D:5)
  2 ogres (D:6)
  A lemure (D:4)
  A phantom (D:5)
  2 scorpions
  Dowan (D:6)
  2 hounds
  An orc priest (D:5)
  5 iguanas
  4 orc wizards
  3 hell rats (D:6)
  3 gnolls (D:6)
  5 adders
  16 river rats (D:6)
  A shadow imp (D:6)
  3 white imps
  3 worms
  3 dart slugs
  14 orcs
  4 endoplasms
  6 giant cockroaches
  5 goblins
  6 hobgoblins
  2 jackals (D:1)
  3 quokkas
  4 ball pythons
  6 bats
  4 frilled lizards
  3 goblin skeletons (D:4)
  A goblin zombie (D:4)
  A hobgoblin zombie (D:4)
  5 kobolds
  A kobold zombie (D:4)
  2 orc zombies (D:4)
  6 rats
132 creatures vanquished.

Vanquished Creatures (collateral kills)
  A water moccasin (D:7)
  An iguana (D:6)
  A sleepcap (D:6)
  A gnoll (D:7)
  A white imp (D:7)
5 creatures vanquished.

Vanquished Creatures (others)
  2 ancestors (D:6)
2 creatures vanquished.

Grand Total: 139 creatures vanquished

Notes
Turn   | Place    | Note
-------+----------+-------------------------------------------
     0 | D:1      | LeprechaunX the Octopode Shapeshifter began the quest for
                  | the Orb.
     0 | D:1      | Reached XP level 1. HP: 13/13 MP: 1/1
   128 | D:1      | You fall into a shaft and drop 1 floor!
   158 | D:2      | Reached XP level 2. HP: 18/18 MP: 2/2
   483 | D:1      | Reached XP level 3. HP: 18/23 MP: 3/3
  1062 | D:2      | Identified the +7 whip "Bitipi" {elec, rF+ SInv}
  1420 | D:3      | Found a faded altar of an unknown god.
  1429 | D:3      | Reached XP level 4. HP: 29/29 MP: 4/4
  1477 | D:3      | Found a broken altar of Ashenzari.
  1908 | D:3      | Identified the +8 steam dragon scales "Xexuir" {+Blink
                  | rPois rCorr}
  1991 | D:3      | Found an ornate altar of the Wu Jian Council.
  2014 | D:4      | Found Cymn's Antique Weapon Shoppe.
  2034 | D:4      | Noticed a scorpion
  2043 | D:4      | Killed a scorpion
  2044 | D:4      | Reached skill level 1 in Maces & Flails
  2044 | D:4      | Reached XP level 5. HP: 12/34 MP: 5/5
  2197 | D:4      | Found Toichewi's Jewellery Shop.
  2258 | D:4      | Found a hazy altar of Hepliaklqana.
  2287 | D:4      | Became a worshipper of Hepliaklqana the Forgotten
  2357 | D:4      | Found a basalt altar of Yredelemnul.
  2370 | D:4      | Reached XP level 6. HP: 41/41 MP: 6/6
  2393 | D:4      | Found Ebbomm's Antique Armour Boutique.
  2496 | D:4      | Found Iceo's Antique Weapon Boutique.
  2568 | D:4      | Noticed Pikel
  2580 | D:4      | Killed Pikel
  2581 | D:4      | Reached skill level 5 in Unarmed Combat
  2581 | D:4      | Reached XP level 7. HP: 33/47 MP: 7/7
  2603 | D:4      | Found a glowing golden altar of the Shining One.
  2830 | D:4      | Found a blossoming altar of Fedhas.
  2886 | D:4      | Found Onynae Raka's Weapon Emporium.
  2924 | D:4      | Bought a slimy sling for 149 gold pieces
  2924 | D:4      | Identified the +8 sling of the Scavenger {freeze, rPois
                  | rF+++ rN++ Int-2} (You bought it in a shop on level 4 of
                  | the Dungeon)
  2939 | D:5      | Entered Level 5 of the Dungeon
  3077 | D:5      | Reached skill level 1 in Ranged Weapons
  3077 | D:5      | Reached XP level 8. HP: 42/54 MP: 8/8
  3199 | D:5      | Reached skill level 5 in Shapeshifting
  3240 | D:5      | Reached * piety under Hepliaklqana
  3891 | D:6      | Noticed Duvessa
  3892 | D:6      | Noticed Dowan
  3909 | D:6      | Killed Duvessa
  3928 | D:6      | Killed Dowan
  4162 | D:6      | Found a large runed translucent door.
  4169 | D:6      | Found a large runed translucent door.
  4172 | D:6      | Noticed bobo's ghost (novice OpSh)
  4306 | D:6      | Reached XP level 9. HP: 41/52 MP: 9/9
  4495 | D:6      | Found the +2 ratskin cloak {*Rats rPois rN+ Str-1 Int-1
                  | Dex+1}
  4608 | D:6      | Found a staircase to the Ecumenical Temple.
  5043 | D:7      | Reached skill level 5 in Ranged Weapons
  5103 | D:7      | Slain by a gnoll

Illustrated notes

Levels and vault maps discovered:
D:1:      scummos_arrival_checkerplants, layout_basic, amcnicky_mini_pool_small
D:2:      cheibrodos_old_hovel, layout_loops_ring, minivault_25
D:3:      minmay_octagon_keep, layout_basic, nzn_wu_jian_council_hall,
          ashenzari_conservatory_becter, hellmonk_ecumenical_altar_run_dry
D:4:      layout_loops_ring, nicolae_tso_besieged_by_evil,
          mainiacjoe_overflow_big_doors, nicolae_hepliaklqana_hazy_memory,
          serial_rivers, chequers_serial_rivers_micro_c,
          chequers_serial_rivers_room_b, chequers_serial_rivers_room_b,
          chequers_serial_rivers_room_b, serial_shops,
          nicolae_shop_tiny_statue_garden, shop, nicolae_shop_behind_doors,
          nicolae_shop_crystal, nicolae_shop_crystal, uniq_pikel
D:5:      layout_loops_ring, grunt_ministairs_7
D:6:      wander_guarded_unrand_ratskin, layout_basic, temple_hall,
          ebering_ghost_disaster_area, minmay_misc_feat_diagonals,
          nicolae_underground_beach, uniq_duvessa
D:7:      layout_cave_pods, kennysheep_mini_moat,
          nicolae_overflow_hidden_temple, enter_bailey_3,
          ebering_ghost_rock_garden

Skill      XL: |  1  2  3  4  5  6  7  8  9 |
---------------+----------------------------+-----
Fighting       | 2 3 4 |  4.0
Maces & Flails | 1 |  1.6
Dodging        | 3 4 |  4.0
Unarmed Combat | 4 5 6 |  6.0
Shapeshifting  | 4 6 |  6.6
Ranged Weapons | 1 4 5 |  5.0

Action                     |  1- 3 |  4- 6 |  7- 9 || total
---------------------------+-------+-------+-------++-------
  Melee: Unarmed           |    57 |       |       ||    57
         Constrict         |    23 |    13 |    21 ||    57
         Tentacles         |    15 |    12 |    13 ||    40
         Whip              |    15 |    47 |    71 ||   133
         Punch             |       |     1 |     5 ||     6
   Fire: Sling             |       |       |    61 ||    61
  Throw: Boomerang         |       |     3 |       ||     3
    Use: Potion            |       |       |     1 ||     1
   Stab: Sleeping          |    15 |       |     1 ||    16
         Distracted        |       |       |     1 ||     1
 Armour: Skin              |     1 |     1 |    11 ||    13
  Dodge: Dodged            |    32 |    16 |    33 ||    81

Table legend: (Time is in decaauts)
 A = Elapsed time spent in this place.
 B = Non-inter-level travel time spent in this place.
 C = Inter-level travel time spent in this place.
 D = Time resting spent in this place.
 E = Time spent auto-exploring this place.
 F = Levels seen in this place.
 G = Mean time per level.
                   A        B        C        D        E       F      G
               +--------+--------+--------+--------+--------+-----+--------+
         Total |   5105 |   4899 |    206 |    195 |   3889 |   7 |  729.3 |
       Dungeon |   5105 |   4899 |    206 |    195 |   3889 |   7 |  729.3 |
               +--------+--------+--------+--------+--------+-----+--------+

Top non-repeatable levels by time:
     D:6: 1378 daAuts
     D:4: 925 daAuts
     D:5: 714 daAuts
     D:2: 699 daAuts
     D:1: 670 daAuts
     D:3: 642 daAuts
     D:7: 75 daAuts
